woodfighter, lawful female human Monk --------------- |....i|.....|<| |.@..`|.`.`.|^| |M=.fd|`.`..|^| |.`.d`.1....|^| |--f---`..`.|^| |..C`.|.....|^| |.....-------^| |.`.`....^^^^.| -----...----..| ----- ---- woodfighter the Initiate Experience level: 7 Strength: 18/05 Dexterity: 13 Constitution: 14 Intelligence: 8 Wisdom: 9 Charisma: 11 Health: 0(50) Energy: 16(28) Def: 6 Gold: 0 Moves: 2433 Dungeon seed: dtCmoZ9nH7SbtWO1 Game ID: woodfighter_1533738956 Your Inventory: Amulets C - an uncursed amulet of ESP Weapons k - 12 +0 shuriken (in quiver) Armor e - an uncursed +2 pair of leather gloves (being worn) m - an uncursed +0 mummy wrapping n - an uncursed +1 robe (being worn) q - an uncursed +0 orcish helm r - an uncursed +0 orcish helm z - a cursed -3 pair of levitation boots N - an uncursed +0 mummy wrapping Comestibles d - 8 uncursed food rations f - an uncursed tin of wood nymph meat g - 6 uncursed oranges p - an uncursed sprig of wolfsbane Z - an uncursed lizard corpse Scrolls b - an uncursed scroll of light u - 3 uncursed scrolls of scare monster v - a cursed scroll of magic mapping D - an uncursed scroll of identify W - a cursed scroll of confuse monster X - 2 uncursed scrolls of enchant armor Spellbooks s - an uncursed spellbook of knock Potions c - 3 uncursed potions of healing l - a blessed potion of paralysis o - an uncursed potion of booze x - an uncursed potion of monster detection I - 3 uncursed potions of hallucination J - an uncursed potion of fruit juice O - an uncursed potion of sleeping P - an uncursed potion of see invisible R - an uncursed potion of paralysis S - an uncursed potion of object detection T - an uncursed potion of restore ability Rings w - an uncursed ring of poison resistance Wands i - a wand of enlightenment (0:3) y - a wand of magic missile (0:6) A - a wand of enlightenment (0:12) B - a wand of lightning (0:5) E - a wand of teleportation (0:8) Tools j - an uncursed oil lamp (0:1234) F - an uncursed towel H - a +0 pick-axe Gems h - an uncursed worthless piece of orange glass V - an uncursed worthless piece of white glass Y - 2 uncursed worthless pieces of violet glass Spells and supernatural/magical abilities: Name Level Category Fail Memory h - healing 1 healing 0% 88% W - pray for help -- divine ? -- Your skills at the end: Miscellaneous Skills martial arts [Skilled] wands [Basic] Weapon Skills shuriken [Basic] Spellcasting Skills healing spells [Basic] Final Attributes: You were fervently aligned. You were sleep resistant. You were poison resistant. You saw invisible. You were warned. You were fast. You are dead. Vanquished creatures: a crocodile 2 giant beetles a lizard a giant spider a horse an owlbear a piranha a dingo a jaguar a dust vortex a bugbear 3 baby crocodiles a rock piercer a fog cloud 2 kobold mummies a gray ooze an elf zombie a straw golem 5 iguanas a rabid rat a jitterbug 2 giant bats a monkey a wererat 4 killer bees a gas spore 3 acid blobs 3 geckos a hobgoblin a giant rat a cave spider 3 yellow molds a red mold 9 garter snakes 2 jackals a kobold 3 newts a goblin 2 sewer rats 8 grid bugs 6 lichens 83 creatures vanquished. Voluntary challenges: You were vegetarian. You did not adorn yourself with jewelry or accessories. You did not cause conflict. You were not invisible. You did not have reflection. You were not displaced. You had been an atheist until turn 2366. You never hit with a wielded weapon. You did not use tools. You did not use plumbed fixtures. You did not drink any magical draughts. You read items or engraved 6 times, starting on turn 1477. You never genocided any monsters. You never polymorphed an object. You never changed form. You used no wishes. You never split a pudding. You never wrote Elbereth's name. You never violated your personal moral code. Dungeon overview: The Dungeons of Doom: levels 1 to 10 Level 1 (box + vault) an altar to Chih Sung-tzu, a fountain a long staircase Level 2 a fountain Level 3 Level 4 a fountain stairs to The Gnomish Mines Level 5 (box) Level 6 (box) a fountain Level 7 a fountain Level 8 (water vault) a fountain Level 9 many fountains Level 10 an altar to Chih Sung-tzu stairs to Sokoban The Gnomish Mines: Level 5 stairs to The Dungeons of Doom Sokoban: Level 9 <- You were here a magic chest stairs to The Dungeons of Doom History has recorded: On T:1 you entered the Dungeons of Doom to retrieve the Amulet of Yendor! On T:138 you reached level 2 of The Dungeons of Doom. On T:289 you reached level 3 of The Dungeons of Doom. On T:600 you advanced to experience level 2. On T:729 you reached level 4 of The Dungeons of Doom. On T:823 you advanced to experience level 3. On T:879 you reached level 1 of The Gnomish Mines. On T:1000 you reached level 5 of The Dungeons of Doom. On T:1005 you advanced to experience level 4. On T:1032 you reached level 6 of The Dungeons of Doom. On T:1333 you advanced to experience level 5. On T:1351 you reached level 7 of The Dungeons of Doom. On T:1556 you reached level 8 of The Dungeons of Doom. On T:1832 you advanced to experience level 6. On T:1964 you reached level 9 of The Dungeons of Doom. On T:2098 you advanced to experience level 7. On T:2359 you reached level 10 of The Dungeons of Doom. On T:2427 you reached level 4 of Sokoban. Score breakdown: Gold: 0 ( 0 points) Experience: 7 levels ( 600 points) Exploration: 10 levels ( 270 points) Discoveries: 24 items ( 1200 points) Variety of kills: 41 monsters ( 2000 points) Major goal: (nothing yet) ( 0 points) Survival: died (score multiplied by 3) Total score: 12210 Latest messages: KABOOM!! The door was booby-trapped! You stop exploring. You stagger... You feel a bit steadier now. You displace kitty. First Things First You drop 1204 gold pieces. The ettin mummy scratches you! (2x) You drop a blessed spellbook of healing. The spellbook of healing hits other objects and falls down the stairs. The ettin mummy scratches you! (2x) You feel better. The ettin mummy scratches you! (2x) You feel better. The ettin mummy scratches you! (2x) You feel better. You feel tough! You must be leading a healthy life-style. You strike the ettin mummy! The ettin mummy scratches you! (2x) You strike the ettin mummy! The ettin mummy scratches you! (2x) You die... Final status: Goodbye woodfighter the Monk, killed by an ettin mummy... You died in Sokoban on dungeon level 9 with 12210 points, and 0 pieces of gold, after 2433 moves. You were level 7 with a maximum of 50 hit points when you died.